APL (24 & UNDER)
PENSACOLA PILOTS @ NASHUA REDLEGS
08/14/2030
 
TOP OF THE 1ST
Pensacola Pilots batting - Pitching for Nashua Redlegs : LHP José Rodríguez
Pitching: LHP José Rodríguez
Batting: SHB Jack Hendrix 0-0: Ball
1-0: Foul Ball, location: 2F
1-1: SINGLE (Groundball, 4S) (infield hit)
Batting: SHB Carlos González 0-0: Fielders Choice at 2nd, 1-6 (Groundball, 13)
Batting: SHB Jason Ashley 0-0: SINGLE (Groundball, 56D)
Carlos González to second
Batting: LHB Preston Hamilton 0-0: Ball
1-0: Ball
2-0: Ball
3-0: Base on Balls
Carlos González to third
Jason Ashley to second
Batting: RHB Lawrence Davidson 0-0: Swinging Strike
0-1: Foul Ball, location: 2F
0-2: Ball
1-2: SINGLE (Line Drive, 9S)
Carlos González scores
Jason Ashley to third
Preston Hamilton to second
Batting: LHB Ángel Flores 0-0: Called Strike
0-1: Foul Ball, location: 2F
0-2: Strikes out looking
Batting: RHB George Martin 0-0: Foul Ball, location: 2F
0-1: Ball
1-1: Called Strike
1-2: Ball
2-2: Ball
3-2: Base on Balls
Jason Ashley scores
Preston Hamilton to third
Lawrence Davidson to second
Batting: RHB Javier Senteno 0-0: Ball
1-0: Ball
2-0: Ball
3-0: Called Strike
3-1: SINGLE (Groundball, 4MD)
Preston Hamilton scores
Lawrence Davidson to third
George Martin to second
Runner from 3rd tries for Home, SAFE, no throw
Batting: RHB Timothy Foster 0-0: Foul Ball, location: 2F
0-1: Foul Ball, location: 2F
0-2: Foul Ball, location: 2F
0-2: Foul Ball, location: 2F
0-2: Ball
1-2: Ball
2-2: DOUBLE (Line Drive, 9LM)
George Martin scores
Javier Senteno to third
Batting: SHB Jack Hendrix 0-0: Called Strike
0-1: Foul Ball, location: 2F
0-2: Ball
1-2: Ball
2-2: Strikes out swinging
Top of the 1st over - 5 runs, 5 hits, 0 errors, 2 left on base; Pensacola 5 - Nashua 0
BOTTOM OF THE 1ST
Nashua Redlegs batting - Pitching for Pensacola Pilots : LHP Júlio Jiménez
Pitching: LHP Júlio Jiménez
Batting: RHB José Luján 0-0: Swinging Strike
0-1: Called Strike
0-2: Strikes out swinging
Batting: RHB Ánibal Barrios 0-0: Ball
1-0: Foul Ball, location: 2F
1-1: Ball
2-1: Ball
3-1: Base on Balls
Batting: RHB Eleuterio Supardo 0-0: Ball
1-0: Fielders Choice at 2nd, 1-6 (Groundball, 13)
Batting: RHB Currito Campos 0-0: Called Strike
0-1: Ball
1-1: Ball
2-1: Fly out, F9 (Flyball, 89D)
Bottom of the 1st over - 0 runs, 0 hits, 0 errors, 1 left on base; Pensacola 5 - Nashua 0
TOP OF THE 2ND
Pensacola Pilots batting - Pitching for Nashua Redlegs : LHP José Rodríguez
Batting: SHB Carlos González 0-0: Ball
1-0: Ball
2-0: Foul Ball, location: 2F
2-1: Ball
3-1: SINGLE (Groundball, 5L) (infield hit)
Batting: SHB Jason Ashley 0-0: Called Strike
0-1: Foul Ball, location: 2F
0-2: Ground out 6-3 (Groundball, 56)
Carlos González to second
Batting: LHB Preston Hamilton 0-0: Ball
1-0: Foul Ball, location: 2F
1-1: Ball
Carlos González is caught stealing 3rd base
2-1: Ball
3-1: Base on Balls
Batting: RHB Lawrence Davidson 0-0: Ball
1-0: Ball
2-0: Ball
3-0: Called Strike
3-1: Foul Ball, location: 2F
3-2: Base on Balls
Preston Hamilton to second
Batting: LHB Ángel Flores 0-0: Ball
1-0: Foul Ball, location: 2F
1-1: Foul Ball, location: 2F
1-2: Ball
2-2: Ground out 6-3 (Groundball, 6S)
Top of the 2nd over - 0 runs, 1 hit, 0 errors, 2 left on base; Pensacola 5 - Nashua 0
BOTTOM OF THE 2ND
Nashua Redlegs batting - Pitching for Pensacola Pilots : LHP Júlio Jiménez
Batting: RHB Clancy Castro 0-0: Fly out, F4 (Line Drive, 4)
Batting: RHB Katsuhito Ohayashi 0-0: Foul Ball, location: 2F
0-1: SINGLE (Line Drive, 7S)
Batting: RHB Ian Howard 0-0: Ball
1-0: Ball
2-0: Fly out, F9 (Flyball, 9S)
Batting: RHB John Newman 0-0: Swinging Strike
0-1: Ball
1-1: Foul Ball, location: 2F
1-2: Ball
Pickoff Throw to First - Out!
Bottom of the 2nd over - 0 runs, 1 hit, 0 errors, 0 left on base; Pensacola 5 - Nashua 0
TOP OF THE 3RD
Pensacola Pilots batting - Pitching for Nashua Redlegs : LHP José Rodríguez
Batting: RHB George Martin 0-0: Ball
1-0: Foul Ball, location: 2F
1-1: Foul Ball, location: 2F
1-2: Ball
2-2: Ball
3-2: Base on Balls
Batting: RHB Javier Senteno 0-0: Ball
1-0: Called Strike
1-1: Grounds into double play, 6-4-3 (Groundball, 6)
Batting: RHB Timothy Foster 0-0: Ball
1-0: Fly out, F7 (Flyball, 7LS)
Top of the 3rd over - 0 runs, 0 hits, 0 errors, 0 left on base; Pensacola 5 - Nashua 0
BOTTOM OF THE 3RD
Nashua Redlegs batting - Pitching for Pensacola Pilots : LHP Júlio Jiménez
Batting: RHB John Newman 0-0: Foul Ball, location: 2F
0-1: Foul Ball, location: 2F
0-2: Ball
1-2: Ball
2-2: SINGLE (Groundball, 56D)
Batting: RHB Spencer Pritchett 0-0: Foul Ball, location: 2F
0-1: Ball
1-1: Fly out, F4 (Popup, 4)
Batting: RHB José Luján 0-0: Ball
1-0: Called Strike
1-1: Called Strike
1-2: Strikes out swinging
John Newman steals 2nd base
Batter strikes out.
Batting: RHB Ánibal Barrios 0-0: Ground out 6-3 (Groundball, 6MS)
Bottom of the 3rd over - 0 runs, 1 hit, 0 errors, 1 left on base; Pensacola 5 - Nashua 0
TOP OF THE 4TH
Pensacola Pilots batting - Pitching for Nashua Redlegs : LHP José Rodríguez
Batting: SHB Jack Hendrix 0-0: Swinging Strike
0-1: Ball
1-1: Ball
2-1: Swinging Strike
2-2: Strikes out looking
Batting: SHB Carlos González 0-0: SINGLE (Flyball, 89S)
Batting: SHB Jason Ashley 0-0: Ball
1-0: Foul Ball, location: 2F
1-1: SINGLE (Flyball, 7S)
Carlos González to second
Batting: LHB Preston Hamilton 0-0: Ball
1-0: Called Strike
Carlos González is caught stealing 3rd base
1-1: Ball
2-1: Swinging Strike
2-2: Foul Ball, location: 2F
2-2: Foul Ball, location: 2F
2-2: Foul Ball, location: 2F
2-2: Foul Ball, location: 2F
2-2: Strikes out swinging
Top of the 4th over - 0 runs, 2 hits, 0 errors, 1 left on base; Pensacola 5 - Nashua 0
BOTTOM OF THE 4TH
Nashua Redlegs batting - Pitching for Pensacola Pilots : LHP Júlio Jiménez
Batting: RHB Eleuterio Supardo 0-0: Hit by Pitch
Batting: RHB Currito Campos 0-0: Ball
1-0: Called Strike
1-1: Foul Ball, location: 2F
1-2: SINGLE (Groundball, 6D)
Eleuterio Supardo to second
Batting: RHB Clancy Castro 0-0: Called Strike
0-1: Swinging Strike
0-2: Ball
1-2: SINGLE (Groundball, 56D)
Eleuterio Supardo to third
Currito Campos to second
Batting: RHB Katsuhito Ohayashi 0-0: Ball
1-0: Ball
2-0: Called Strike
2-1: Foul Ball, location: 2F
2-2: Foul Ball, location: 2F
2-2: Foul Ball, location: 2F
2-2: Foul Ball, location: 2F
2-2: SINGLE (Line Drive, 56)
Eleuterio Supardo scores
Currito Campos to third
Clancy Castro to second
Runner from 3rd tries for Home, SAFE, no throw
Batting: RHB Ian Howard 0-0: Ground out 2-3 (Groundball, 15S)
Clancy Castro to third
Katsuhito Ohayashi to second
Batting: RHB John Newman 0-0: Foul Ball, location: 2F
0-1: Ball
1-1: Swinging Strike
1-2: Foul Ball, location: 2F
1-2: TRIPLE (Flyball, 89XD)
Clancy Castro scores
Katsuhito Ohayashi scores
Batting: RHB Spencer Pritchett 0-0: Ball
1-0: Fly out, F8 (Flyball, 8LS)
Runner from 3rd tags up, SCORES, no throw
Batting: RHB José Luján 0-0: Foul Ball, location: 2F
0-1: Ball
1-1: Fly out, F6 (Line Drive, 6)
Bottom of the 4th over - 5 runs, 4 hits, 0 errors, 0 left on base; Pensacola 5 - Nashua 5
TOP OF THE 5TH
Pensacola Pilots batting - Pitching for Nashua Redlegs : LHP José Rodríguez
Batting: RHB Lawrence Davidson 0-0: Foul Ball, location: 2F
0-1: Ground out 4-3 (Groundball, 34)
Batting: LHB Ángel Flores 0-0: Ball
1-0: Foul Ball, location: 2F
1-1: Ball
2-1: Called Strike
2-2: Strikes out swinging
Batting: RHB George Martin 0-0: Ball
1-0: Foul Ball, location: 2F
1-1: Ball
2-1: Ball
3-1: Base on Balls
Batting: RHB Javier Senteno 0-0: Ball
1-0: Ball
2-0: Fly out, F7 (Flyball, 78M)
Top of the 5th over - 0 runs, 0 hits, 0 errors, 1 left on base; Pensacola 5 - Nashua 5
BOTTOM OF THE 5TH
Nashua Redlegs batting - Pitching for Pensacola Pilots : LHP Júlio Jiménez
Batting: RHB Ánibal Barrios 0-0: Foul Ball, location: 2F
0-1: Ball
1-1: Called Strike
1-2: Foul Ball, location: 2F
1-2: Strikes out looking
Batting: RHB Eleuterio Supardo 0-0: Called Strike
0-1: Swinging Strike
0-2: Strikes out swinging
Batting: RHB Currito Campos 0-0: Called Strike
0-1: Swinging Strike
0-2: Fly out, F7 (Line Drive, 7D)
Bottom of the 5th over - 0 runs, 0 hits, 0 errors, 0 left on base; Pensacola 5 - Nashua 5
TOP OF THE 6TH
Pensacola Pilots batting - Pitching for Nashua Redlegs : LHP José Rodríguez
Pitching: RHP Dante Piccoli
Batting: RHB Timothy Foster 0-0: Called Strike
0-1: Called Strike
0-2: Ball
1-2: SINGLE (Groundball, 4) (infield hit)
Batting: SHB Jack Hendrix 0-0: Swinging Strike
0-1: Ball
1-1: Called Strike
Timothy Foster steals 2nd base
1-2: Ball
2-2: Foul Ball, location: 2F
2-2: Foul Ball, location: 2F
2-2: Ball
3-2: Ground out 4-3 (Groundball, 4M)
Timothy Foster to third
Batting: SHB Carlos González 0-0: Called Strike
0-1: Fly out, F9 (Flyball, 9S)
Batting: RHB Felipe Hernández 0-0: Ball
1-0: Fly out, F8 (Flyball, 8LD)
Top of the 6th over - 0 runs, 1 hit, 0 errors, 1 left on base; Pensacola 5 - Nashua 5
BOTTOM OF THE 6TH
Nashua Redlegs batting - Pitching for Pensacola Pilots : LHP Júlio Jiménez
Now in LF: Felipe Hernández
Batting: RHB Clancy Castro 0-0: Called Strike
0-1: Called Strike
0-2: Ground out 6-3 (Groundball, 6S)
Batting: RHB Katsuhito Ohayashi 0-0: Ball
1-0: Called Strike
1-1: Foul Ball, location: 2F
1-2: Strikes out swinging
Batting: RHB Ian Howard 0-0: Fly out, F9 (Flyball, 9S)
Bottom of the 6th over - 0 runs, 0 hits, 0 errors, 0 left on base; Pensacola 5 - Nashua 5
TOP OF THE 7TH
Pensacola Pilots batting - Pitching for Nashua Redlegs : RHP Dante Piccoli
Batting: LHB Preston Hamilton 0-0: Ground out 1-3 (Groundball, 25)
Batting: RHB Lawrence Davidson 0-0: Ball
1-0: Called Strike
1-1: Foul Ball, location: 2F
1-2: Strikes out looking
Batting: LHB Ángel Flores 0-0: Ball
1-0: Called Strike
1-1: Ball
2-1: Ball
3-1: Base on Balls
Pinch Hitting: LHB Joe Vásquez 0-0: Called Strike
0-1: Ball
1-1: Swinging Strike
1-2: Foul Ball, location: 2F
1-2: Strikes out looking
Top of the 7th over - 0 runs, 0 hits, 0 errors, 1 left on base; Pensacola 5 - Nashua 5
BOTTOM OF THE 7TH
Nashua Redlegs batting - Pitching for Pensacola Pilots : LHP Júlio Jiménez
Now at 1B: Joe Vásquez
Pinch Hitting: RHB Bob Fitzgerald 0-0: Called Strike
0-1: Foul Ball, location: 2F
0-2: Ball
1-2: Foul Ball, location: 2F
1-2: Ball
2-2: Foul Ball, location: 2F
2-2: Foul Ball, location: 2F
2-2: Strikes out looking
Pinch Hitting: RHB Dave Warren 0-0: Ball
1-0: Fly out, F7 (Flyball, 78D)
Batting: RHB José Luján 0-0: Swinging Strike
0-1: Called Strike
0-2: Ball
1-2: Strikes out swinging
Bottom of the 7th over - 0 runs, 0 hits, 0 errors, 0 left on base; Pensacola 5 - Nashua 5
TOP OF THE 8TH
Pensacola Pilots batting - Pitching for Nashua Redlegs : RHP Dante Piccoli
Now at 3B: José Zumaya
Now in RF: Dave Warren
Batting: RHB Javier Senteno 0-0: Ball
1-0: Swinging Strike
1-1: Ground out 6-3 (Groundball, 6)
Pinch Hitting: LHB Carlos Músquez 0-0: Ball
1-0: Ball
2-0: Ground out 6-3 (Groundball, 4M)
Batting: SHB Jack Hendrix 0-0: Swinging Strike
0-1: Foul Ball, location: 2F
0-2: Ball
1-2: Ball
2-2: Ball
3-2: Foul Ball, location: 2F
3-2: Strikes out swinging
Top of the 8th over - 0 runs, 0 hits, 0 errors, 0 left on base; Pensacola 5 - Nashua 5
BOTTOM OF THE 8TH
Nashua Redlegs batting - Pitching for Pensacola Pilots : LHP Júlio Jiménez
Pitching: RHP Ramón Flores
Now at 2B: Bryan Long
Pinch Hitting: RHB Joe Noble 0-0: Called Strike
0-1: Ball
1-1: Ball
2-1: Ball
3-1: Ground out 4-3 (Groundball, 4M)
Batting: RHB Eleuterio Supardo 0-0: Called Strike
0-1: Fly out, F9 (Flyball, 89S)
Batting: RHB Currito Campos 0-0: Called Strike
0-1: Ball
1-1: Ball
2-1: Ground out 1-3 (Groundball, 15S)
Bottom of the 8th over - 0 runs, 0 hits, 0 errors, 0 left on base; Pensacola 5 - Nashua 5
TOP OF THE 9TH
Pensacola Pilots batting - Pitching for Nashua Redlegs : RHP Dante Piccoli
Pitching: LHP John Rich
Now at SS: Steve Murphy
Pinch Hitting: RHB José Ramos 0-0: Foul Ball, location: 2F
0-1: Ball
1-1: Swinging Strike
1-2: Ball
2-2: Foul Ball, location: 2F
2-2: Foul Ball, location: 2F
2-2: Ball
3-2: SINGLE (Flyball, 89S)
Batting: RHB Felipe Hernández 0-0: Called Strike
0-1: Ball
1-1: Ball
2-1: Grounds into double play, 5-4-3 (Groundball, 56)
Batting: LHB Preston Hamilton 0-0: Ball
1-0: Foul Ball, location: 2F
1-1: Hit by Pitch
Batting: RHB Lawrence Davidson 0-0: Called Strike
0-1: Foul Ball, location: 2F
0-2: Strikes out looking
Top of the 9th over - 0 runs, 1 hit, 0 errors, 1 left on base; Pensacola 5 - Nashua 5
BOTTOM OF THE 9TH
Nashua Redlegs batting - Pitching for Pensacola Pilots : RHP Ramón Flores
Pitching: RHP Scott Willerton
Now in RF: Bill Andrews
Batting: RHB Clancy Castro 0-0: Ball
1-0: Called Strike
1-1: Ball
2-1: Swinging Strike
2-2: Foul Ball, location: 2F
2-2: Foul Ball, location: 2F
2-2: Strikes out swinging
Batting: RHB Katsuhito Ohayashi 0-0: Swinging Strike
0-1: Ball
1-1: Swinging Strike
1-2: Ball
2-2: Ball
3-2: Strikes out looking
Pinch Hitting: SHB Ryan Holcomb 0-0: SINGLE (Groundball, 25) (infield hit)
Batting: RHB José Zumaya 0-0: Called Strike
Ryan Holcomb is caught stealing 2nd base
Bottom of the 9th over - 0 runs, 1 hit, 0 errors, 0 left on base; Pensacola 5 - Nashua 5
TOP OF THE 10TH
Pensacola Pilots batting - Pitching for Nashua Redlegs : LHP John Rich
Now at C: Pedro Cavazos
Batting: LHB Ángel Flores 0-0: Called Strike
0-1: Swinging Strike
0-2: Ball
1-2: Strikes out swinging
Pinch Hitting: RHB John Hall 0-0: Called Strike
0-1: Foul Ball, location: 2F
0-2: Foul Ball, location: 2F
0-2: Ball
1-2: Foul Ball, location: 2F
1-2: Foul Ball, location: 2F
1-2: Foul Ball, location: 2F
1-2: Foul Ball, location: 2F
1-2: Ball
2-2: Strikes out swinging
Batting: RHB Javier Senteno 0-0: Called Strike
0-1: Ball
1-1: Called Strike
1-2: Strikes out swinging
Top of the 10th over - 0 runs, 0 hits, 0 errors, 0 left on base; Pensacola 5 - Nashua 5
BOTTOM OF THE 10TH
Nashua Redlegs batting - Pitching for Pensacola Pilots : RHP Scott Willerton
Now at 1B: John Hall
Batting: RHB José Zumaya 0-0: Called Strike
0-1: Foul Ball, location: 2F
0-2: Ball
1-2: Foul Ball, location: 2F
1-2: SINGLE (Groundball, 56D)
Batting: RHB Dave Warren 0-0: Ball
1-0: Fly out, F9 (Flyball, 9)
Pinch Hitting: LHB Derrek Robinson 0-0: Ball
1-0: Ball
2-0: Foul Ball, location: 2F
2-1: Ball
3-1: Swinging Strike
3-2: Fielders Choice at 2nd, 4-6 (Groundball, 4)
Batting: RHB Steve Murphy 0-0: Ball
Derrek Robinson is caught stealing 2nd base
Bottom of the 10th over - 0 runs, 1 hit, 0 errors, 0 left on base; Pensacola 5 - Nashua 5
TOP OF THE 11TH
Pensacola Pilots batting - Pitching for Nashua Redlegs : LHP John Rich
Pitching: RHP Thomas Fournier
Now in CF: Derrek Robinson
Batting: SHB Bryan Long 0-0: Swinging Strike
0-1: Ball
1-1: Swinging Strike
1-2: Ball
2-2: Strikes out swinging
Batting: SHB Jack Hendrix 0-0: Called Strike
0-1: Foul Ball, location: 2F
0-2: Fly out, F8 (Flyball, 8RM)
Batting: RHB Bill Andrews 0-0: Called Strike
0-1: Foul Ball, location: 2F
0-2: Strikes out looking
Top of the 11th over - 0 runs, 0 hits, 0 errors, 0 left on base; Pensacola 5 - Nashua 5
BOTTOM OF THE 11TH
Nashua Redlegs batting - Pitching for Pensacola Pilots : RHP Scott Willerton
Pitching: RHP Michael Clay
Batting: RHB Steve Murphy 0-0: Called Strike
0-1: Ball
1-1: Foul Ball, location: 2F
1-2: Ball
2-2: Foul Ball, location: 2F
2-2: Foul Ball, location: 2F
2-2: Foul Ball, location: 2F
2-2: Strikes out swinging
Batting: RHB Eleuterio Supardo 0-0: Called Strike
0-1: Ball
1-1: Ball
2-1: Swinging Strike
2-2: Strikes out swinging
Batting: RHB Currito Campos 0-0: Ball
1-0: Swinging Strike
1-1: Foul Ball, location: 2F
1-2: Fly out, F9 (Flyball, 9LSF)
Bottom of the 11th over - 0 runs, 0 hits, 0 errors, 0 left on base; Pensacola 5 - Nashua 5
TOP OF THE 12TH
Pensacola Pilots batting - Pitching for Nashua Redlegs : RHP Thomas Fournier
Batting: RHB Felipe Hernández 0-0: Called Strike
0-1: Ball
1-1: Ground out 6-3 (Groundball, 6)
Batting: LHB Preston Hamilton 0-0: Called Strike
0-1: Called Strike
0-2: Ball
1-2: Foul Ball, location: 2F
1-2: Ground out 3-1 (Groundball, 34)
Batting: RHB Lawrence Davidson 0-0: Called Strike
0-1: SINGLE (Groundball, 56D)
Batting: LHB Ángel Flores 0-0: Called Strike
0-1: Ball
1-1: Ball
2-1: SINGLE (Flyball, 9S)
Lawrence Davidson to second
Runner from 2nd tries for 3rd, SAFE, no throw
Batting: RHB John Hall 0-0: Ball
1-0: SINGLE (Flyball, 89M)
Lawrence Davidson scores
Ángel Flores to second
Batting: RHB Javier Senteno 0-0: Fly out, F8 (Flyball, 78D)
Top of the 12th over - 1 run, 3 hits, 0 errors, 2 left on base; Pensacola 6 - Nashua 5
BOTTOM OF THE 12TH
Nashua Redlegs batting - Pitching for Pensacola Pilots : RHP Michael Clay
Batting: RHB Clancy Castro 0-0: Ball
1-0: Swinging Strike
1-1: Called Strike
1-2: Fly out, F9 (Line Drive, 9)
Batting: RHB Katsuhito Ohayashi 0-0: Called Strike
0-1: Ball
1-1: Fly out, F3 (Line Drive, 3)
Batting: RHB Pedro Cavazos 0-0: Called Strike
0-1: Swinging Strike
0-2: Foul Ball, location: 2F
0-2: Strikes out looking
Bottom of the 12th over - 0 runs, 0 hits, 0 errors, 0 left on base; Pensacola 6 - Nashua 5
Saturday, April 7th, 2018 - OOTP Baseball 18.8 Build 76